TOP OF THE 1ST |
Cedar Rapids Kernels batting - Pitching for Greenville Drive : RHP Dan Jenkins
|
Pitching: RHP Dan Jenkins
|
|
Batting: RHB Mike Buchanan
|
0-0: Called Strike 0-1: Called Strike 0-2: Ball 1-2: Hit by Pitch
|
Batting: RHB Kevin Harris
|
0-0: Ball 1-0: Called Strike Mike Buchanan steals 2nd base 1-1: Called Strike 1-2: Foul Ball, location: 2F 1-2: Ball 2-2: Ground out 4-3 (Groundball, 4M, EV 105.6 MPH) Mike Buchanan to third
|
Batting: RHB Jose Almonte
|
0-0: Called Strike 0-1: Swinging Strike 0-2: Ball 1-2: Ball 2-2: Strikes out swinging
|
Batting: LHB Tomas Espino
|
0-0: Called Strike 0-1: Swinging Strike 0-2: Ground out U3 (Groundball, 3S, EV 63.8 MPH)
|
Top of the 1st over - 0 runs, 0 hits, 0 errors, 1 left on base; Cedar Rapids 0 - Greenville 0 |
BOTTOM OF THE 1ST |
Greenville Drive batting - Pitching for Cedar Rapids Kernels : RHP Felix Perez
|
Pitching: RHP Felix Perez
|
|
Batting: RHB Aukukero Tairi
|
0-0: Ball 1-0: Fly out, F8 (Line Drive, 8RD, EV 100.0 MPH)
|
Batting: LHB Kien-lung Zou
|
0-0: Called Strike 0-1: Foul Ball, location: 2F 0-2: Ball 1-2: Foul Ball, location: 2F 1-2: Ball 2-2: Foul Ball, location: 2F 2-2: Foul Ball, location: 2F 2-2: Reached via error on a dropped throw from 1B, E1 (Groundball, 34S, EV 86.9 MPH)
|
Batting: SHB Salvador Padilla
|
0-0: Ball 1-0: Ball 2-0: Called Strike 2-1: Ball 3-1: Base on Balls Kien-lung Zou to second
|
Batting: RHB Guillermo Quintero
|
0-0: Ball 1-0: Called Strike 1-1: Ball 2-1: SINGLE (Groundball, 6MD, EV 107.5 MPH) Kien-lung Zou to third Salvador Padilla to second Runner from 3rd tries for Home, SAFE, throw by CF to home
|
Batting: RHB Mario Arriero
|
0-0: Ball 1-0: Swinging Strike 1-1: Called Strike 1-2: Grounds into double play, 6-4-3 (Groundball, 6S, EV 83.1 MPH)
|
Bottom of the 1st over - 1 run, 1 hit, 1 error, 1 left on base; Cedar Rapids 0 - Greenville 1 |
TOP OF THE 2ND |
Cedar Rapids Kernels batting - Pitching for Greenville Drive : RHP Dan Jenkins
|
Batting: RHB Nick Phipps
|
0-0: SINGLE (Line Drive, 6D, EV 95.0 MPH)
|
Batting: RHB Steve Terrell
|
0-0: Fielders Choice at 2nd, 6-4 (Groundball, 6, EV 76.2 MPH)
|
Batting: RHB Jose Gracia
|
0-0: Swinging Strike 0-1: Fly out, F2 (Popup, 2LF, EV 83.1 MPH)
|
Batting: RHB Jeremy Witt
|
0-0: Ball 1-0: Ball 2-0: Foul Ball, location: 2F 2-1: Called Strike 2-2: Strikes out looking
|
Top of the 2nd over - 0 runs, 1 hit, 0 errors, 1 left on base; Cedar Rapids 0 - Greenville 1 |
BOTTOM OF THE 2ND |
Greenville Drive batting - Pitching for Cedar Rapids Kernels : RHP Felix Perez
|
Batting: LHB Robert Gonzalez
|
0-0: Called Strike 0-1: TRIPLE (Flyball, 89XD, EV 105.6 MPH)
|
Batting: RHB Adugna Chandu
|
0-0: Called Strike 0-1: Called Strike 0-2: Ground out 4-3 (Groundball, 4, EV 99.4 MPH) Robert Gonzalez scores
|
Batting: RHB Matt Parker
|
0-0: Foul Ball, location: 2F 0-1: Ball 1-1: SINGLE (Groundball, 56D, EV 105.6 MPH)
|
Batting: RHB Josh Smith
|
0-0: Called Strike Matt Parker is caught stealing 2nd base 2-4 0-1: Swinging Strike 0-2: Foul Ball, location: 2F 0-2: Strikes out swinging
|
Bottom of the 2nd over - 1 run, 2 hits, 0 errors, 0 left on base; Cedar Rapids 0 - Greenville 2 |
TOP OF THE 3RD |
Cedar Rapids Kernels batting - Pitching for Greenville Drive : RHP Dan Jenkins
|
Batting: RHB Ratko Macura
|
0-0: Ball 1-0: Ball 2-0: Ground out 6-3 (Groundball, 6, EV 91.2 MPH)
|
Batting: RHB Mike Buchanan
|
0-0: Ball 1-0: Swinging Strike 1-1: Called Strike 1-2: Fly out, F9 (Flyball, 9, EV 81.9 MPH)
|
Batting: RHB Kevin Harris
|
0-0: Called Strike 0-1: Ball 1-1: Swinging Strike 1-2: Hit by Pitch
|
Batting: RHB Jose Almonte
|
0-0: Ball Kevin Harris steals 2nd base 1-0: Ball 2-0: Swinging Strike 2-1: Foul Ball, location: 2F 2-2: Ball 3-2: Fly out, F8 (Flyball, 89S, EV 89.4 MPH)
|
Top of the 3rd over - 0 runs, 0 hits, 0 errors, 1 left on base; Cedar Rapids 0 - Greenville 2 |
BOTTOM OF THE 3RD |
Greenville Drive batting - Pitching for Cedar Rapids Kernels : RHP Felix Perez
|
Batting: RHB Aukukero Tairi
|
0-0: Ball 1-0: Fly out, F9 (Flyball, 9, EV 93.1 MPH)
|
Batting: LHB Kien-lung Zou
|
0-0: Called Strike 0-1: Ball 1-1: Ball 2-1: Ground out 6-3 (Groundball, 6, EV 85.6 MPH)
|
Batting: SHB Salvador Padilla
|
0-0: Called Strike 0-1: Hit by Pitch
|
Batting: RHB Guillermo Quintero
|
0-0: SINGLE (Groundball, 6, EV 98.1 MPH) Salvador Padilla to second Runner from 2nd tries for 3rd, SAFE, throw by CF made to third Guillermo Quintero to second
|
Batting: RHB Mario Arriero
|
0-0: Foul Ball, location: 2F 0-1: Ball 1-1: Swinging Strike 1-2: Hit by Pitch
|
Batting: LHB Robert Gonzalez
|
0-0: Called Strike 0-1: Ground out 3-1 (Groundball, 34, EV 92.5 MPH)
|
Bottom of the 3rd over - 0 runs, 1 hit, 0 errors, 3 left on base; Cedar Rapids 0 - Greenville 2 |
TOP OF THE 4TH |
Cedar Rapids Kernels batting - Pitching for Greenville Drive : RHP Dan Jenkins
|
Batting: LHB Tomas Espino
|
0-0: Foul Ball, location: 2F 0-1: TRIPLE (Flyball, 89XD, EV 94.4 MPH)
|
Batting: RHB Nick Phipps
|
0-0: Foul Ball, location: 2F 0-1: Ball 1-1: Fly out, F9 (Flyball, 89D, EV 91.9 MPH) Runner from 3rd tags up, SCORES, throw by RF
|
Batting: RHB Steve Terrell
|
0-0: SINGLE (Line Drive, 9S, EV 89.4 MPH)
|
Batting: RHB Jose Gracia
|
0-0: Called Strike 0-1: Foul Ball, location: 2F 0-2: Strikes out looking
|
Batting: RHB Jeremy Witt
|
0-0: Ball 1-0: Ball 2-0: DOUBLE (Line Drive, 7LM, EV 101.2 MPH) Steve Terrell to third Runner from 3rd tries for Home, SAFE, throw by LF to home
|
Batting: RHB Ratko Macura
|
0-0: Ball 1-0: Foul Ball, location: 2F 1-1: Ball 2-1: Ground out U3 (Groundball, 3, EV 79.4 MPH)
|
Top of the 4th over - 2 runs, 3 hits, 0 errors, 1 left on base; Cedar Rapids 2 - Greenville 2 |
BOTTOM OF THE 4TH |
Greenville Drive batting - Pitching for Cedar Rapids Kernels : RHP Felix Perez
|
Batting: RHB Adugna Chandu
|
0-0: Ball 1-0: Ball 2-0: Foul Ball, location: 2F 2-1: Ball 3-1: Foul Ball, location: 2F 3-2: Base on Balls
|
Batting: RHB Matt Parker
|
0-0: Ball 1-0: Foul Ball, location: 2F 1-1: Foul Ball, location: 2F 1-2: Ball 2-2: Foul Ball, location: 2F 2-2: Strikes out looking
|
Batting: RHB Josh Smith
|
0-0: Called Strike 0-1: Ball 1-1: Swinging Strike 1-2: Strikes out swinging
|
Batting: RHB Aukukero Tairi
|
0-0: Ball 1-0: Foul Ball, location: 2F 1-1: Ball 2-1: Called Strike 2-2: Fielders Choice at 2nd, 6-4 (Groundball, 6, EV 90.6 MPH)
|
Bottom of the 4th over - 0 runs, 0 hits, 0 errors, 1 left on base; Cedar Rapids 2 - Greenville 2 |
TOP OF THE 5TH |
Cedar Rapids Kernels batting - Pitching for Greenville Drive : RHP Dan Jenkins
|
Batting: RHB Mike Buchanan
|
0-0: Ball 1-0: Ball 2-0: Ball 3-0: Base on Balls
|
Batting: RHB Kevin Harris
|
0-0: Ball 1-0: Ball 2-0: Ball 3-0: Called Strike 3-1: Base on Balls Mike Buchanan to second
|
Batting: RHB Jose Almonte
|
0-0: Fielders Choice at 2nd, 1-6 (Groundball, 13S, EV 66.2 MPH) Mike Buchanan to third
|
Batting: LHB Tomas Espino
|
0-0: Called Strike 0-1: SINGLE (Line Drive, 9LS, EV 100.0 MPH) Mike Buchanan scores Jose Almonte to second
|
Batting: RHB Nick Phipps
|
0-0: Called Strike 0-1: Foul Ball, location: 2F 0-2: Ball 1-2: Strikes out swinging
|
Batting: RHB Steve Terrell
|
0-0: Foul Ball, location: 2F 0-1: Foul Ball, location: 2F 0-2: Ball 1-2: Foul Ball, location: 2F 1-2: Ball 2-2: Foul Ball, location: 2F 2-2: DOUBLE (Flyball, 8LXD, EV 103.8 MPH) Jose Almonte scores Tomas Espino to third Runner from 3rd tries for Home, SAFE, no throw by CF
|
Pitching: RHP Victor Escobar
|
|
Batting: RHB Jose Gracia
|
0-0: Called Strike 0-1: Foul Ball, location: 2F 0-2: Strikes out looking
|
Top of the 5th over - 3 runs, 2 hits, 0 errors, 1 left on base; Cedar Rapids 5 - Greenville 2 |
BOTTOM OF THE 5TH |
Greenville Drive batting - Pitching for Cedar Rapids Kernels : RHP Felix Perez
|
Batting: LHB Kien-lung Zou
|
0-0: SINGLE (Flyball, 3D, EV 90.6 MPH)
|
Batting: SHB Salvador Padilla
|
0-0: Fly out, F9 (Flyball, 89D, EV 92.5 MPH)
|
Batting: RHB Guillermo Quintero
|
0-0: Called Strike 0-1: Foul Ball, location: 2F 0-2: Foul Ball, location: 2F 0-2: Ball 1-2: SINGLE (Flyball, 34D, EV 88.8 MPH) Kien-lung Zou to second
|
Batting: RHB Mario Arriero
|
0-0: Ball 1-0: Ball 2-0: Ball 3-0: Called Strike 3-1: Called Strike 3-2: Strikes out swinging
|
Batting: LHB Robert Gonzalez
|
0-0: Swinging Strike 0-1: Ball 1-1: Foul Ball, location: 2F 1-2: Foul Ball, location: 2F 1-2: Fly out, F8 (Flyball, 78S, EV 93.1 MPH)
|
Bottom of the 5th over - 0 runs, 2 hits, 0 errors, 2 left on base; Cedar Rapids 5 - Greenville 2 |
TOP OF THE 6TH |
Cedar Rapids Kernels batting - Pitching for Greenville Drive : RHP Victor Escobar
|
Batting: RHB Jeremy Witt
|
0-0: Called Strike 0-1: Foul Ball, location: 2F 0-2: Ball 1-2: Foul Ball, location: 2F 1-2: Ball 2-2: Ball 3-2: Strikes out swinging
|
Batting: RHB Ratko Macura
|
0-0: Ground out 4-3 (Groundball, 4, EV 80.0 MPH)
|
Batting: RHB Mike Buchanan
|
0-0: Ball 1-0: SINGLE (Flyball, 3D, EV 87.5 MPH)
|
Batting: RHB Kevin Harris
|
0-0: Ground out 5-3 (Groundball, 5S, EV 91.9 MPH)
|
Top of the 6th over - 0 runs, 1 hit, 0 errors, 1 left on base; Cedar Rapids 5 - Greenville 2 |
BOTTOM OF THE 6TH |
Greenville Drive batting - Pitching for Cedar Rapids Kernels : RHP Felix Perez
|
Batting: RHB Adugna Chandu
|
0-0: Called Strike 0-1: Ball 1-1: DOUBLE (Line Drive, 7LM, EV 106.2 MPH)
|
Pitching: RHP Pat Adams
|
|
Batting: RHB Matt Parker
|
0-0: Ball 1-0: Ball 2-0: Ground out 6-3 (Groundball, 6, EV 86.9 MPH)
|
Batting: RHB Josh Smith
|
0-0: Called Strike 0-1: Ball 1-1: Foul Ball, location: 2F 1-2: Foul Ball, location: 2F 1-2: Strikes out swinging
|
Batting: RHB Aukukero Tairi
|
0-0: Ball 1-0: Ball 2-0: Ball 3-0: Called Strike 3-1: Foul Ball, location: 2F 3-2: SINGLE (Flyball, 9LS, EV 87.5 MPH) Adugna Chandu to third Runner from 3rd tries for Home, SAFE, throw by RF to home Aukukero Tairi to second
|
Batting: LHB Kien-lung Zou
|
0-0: Called Strike 0-1: Ball 1-1: Swinging Strike 1-2: Ball 2-2: Ball 3-2: Foul Ball, location: 2F 3-2: Fly out, F7 (Line Drive, 7S, EV 93.8 MPH)
|
Bottom of the 6th over - 1 run, 2 hits, 0 errors, 1 left on base; Cedar Rapids 5 - Greenville 3 |
TOP OF THE 7TH |
Cedar Rapids Kernels batting - Pitching for Greenville Drive : RHP Victor Escobar
|
Pitching: RHP Tyler Tomblin
|
|
Batting: RHB Jose Almonte
|
0-0: Ball 1-0: Ball 2-0: Ball 3-0: Called Strike 3-1: Ground out 6-3 (Groundball, 56, EV 85.6 MPH)
|
Batting: LHB Tomas Espino
|
0-0: Ball 1-0: Called Strike 1-1: Foul Ball, location: 2F 1-2: Foul Ball, location: 2F 1-2: Ball 2-2: Foul Ball, location: 2F 2-2: Ball 3-2: SOLO HOME RUN (Flyball, 7D, EV 95.0 MPH), Distance : 382 ft
|
Batting: RHB Nick Phipps
|
0-0: Ball 1-0: Foul Ball, location: 2F 1-1: Ball 2-1: Fly out, F9 (Flyball, 89S, EV 77.5 MPH)
|
Batting: RHB Steve Terrell
|
0-0: Called Strike 0-1: Swinging Strike 0-2: Strikes out swinging, 2-3 out at first.
|
Top of the 7th over - 1 run, 1 hit, 0 errors, 0 left on base; Cedar Rapids 6 - Greenville 3 |
BOTTOM OF THE 7TH |
Greenville Drive batting - Pitching for Cedar Rapids Kernels : RHP Pat Adams
|
Pitching: RHP Andy Symons
|
|
Batting: SHB Salvador Padilla
|
0-0: Called Strike 0-1: Ball 1-1: Swinging Strike 1-2: Foul Ball, location: 2F 1-2: Ball 2-2: Fly out, F9 (Line Drive, 9, EV 106.9 MPH)
|
Batting: RHB Guillermo Quintero
|
0-0: Swinging Strike 0-1: Swinging Strike 0-2: Foul Ball, location: 2F 0-2: Ball 1-2: Ball 2-2: Foul Ball, location: 2F 2-2: Strikes out swinging
|
Batting: RHB Mario Arriero
|
0-0: Ball 1-0: Foul Ball, location: 2F 1-1: Ball 2-1: Foul Ball, location: 2F 2-2: Ball 3-2: Base on Balls
|
Batting: LHB Robert Gonzalez
|
0-0: Called Strike 0-1: Ball 1-1: Ball 2-1: Foul Ball, location: 2F 2-2: Ball 3-2: Foul Ball, location: 2F 3-2: Ground out 4-3 (Groundball, 4S, EV 65.6 MPH)
|
Bottom of the 7th over - 0 runs, 0 hits, 0 errors, 1 left on base; Cedar Rapids 6 - Greenville 3 |
TOP OF THE 8TH |
Cedar Rapids Kernels batting - Pitching for Greenville Drive : RHP Tyler Tomblin
|
Pitching: RHP Jon Olivo
|
|
Batting: RHB Jose Gracia
|
0-0: Foul Ball, location: 2F 0-1: Called Strike 0-2: Strikes out looking
|
Batting: RHB Jeremy Witt
|
0-0: Ball 1-0: Ball 2-0: Called Strike 2-1: Ground out 5-3 (Groundball, 56S, EV 66.9 MPH)
|
Batting: RHB Ratko Macura
|
0-0: Swinging Strike 0-1: Ball 1-1: Swinging Strike 1-2: Ball 2-2: Strikes out swinging
|
Top of the 8th over - 0 runs, 0 hits, 0 errors, 0 left on base; Cedar Rapids 6 - Greenville 3 |
BOTTOM OF THE 8TH |
Greenville Drive batting - Pitching for Cedar Rapids Kernels : RHP Andy Symons
|
Pitching: LHP Josh Armstrong
|
|
Batting: RHB Adugna Chandu
|
0-0: Ball 1-0: Ball 2-0: Foul Ball, location: 2F 2-1: SINGLE (Groundball, 34D, EV 98.1 MPH)
|
Batting: RHB Matt Parker
|
0-0: Called Strike 0-1: Ball 1-1: Grounds into double play, 4-6-3 (Groundball, 4, EV 89.4 MPH)
|
Batting: RHB Josh Smith
|
0-0: Ball 1-0: Called Strike 1-1: Foul Ball, location: 2F 1-2: Ball 2-2: Fly out, F8 (Flyball, 8RD, EV 73.8 MPH)
|
Bottom of the 8th over - 0 runs, 1 hit, 0 errors, 0 left on base; Cedar Rapids 6 - Greenville 3 |
TOP OF THE 9TH |
Cedar Rapids Kernels batting - Pitching for Greenville Drive : RHP Jon Olivo
|
Batting: RHB Mike Buchanan
|
0-0: Called Strike 0-1: Foul Ball, location: 2F 0-2: Strikes out looking
|
Batting: RHB Kevin Harris
|
0-0: Ground out 5-3 (Groundball, 56S, EV 91.9 MPH)
|
Batting: RHB Jose Almonte
|
0-0: Swinging Strike 0-1: Ball 1-1: DOUBLE (Groundball, 5L, EV 105.0 MPH)
|
Batting: LHB Tomas Espino
|
0-0: Ball 1-0: Foul Ball, location: 2F 1-1: Swinging Strike 1-2: Strikes out swinging
|
Top of the 9th over - 0 runs, 1 hit, 0 errors, 1 left on base; Cedar Rapids 6 - Greenville 3 |
BOTTOM OF THE 9TH |
Greenville Drive batting - Pitching for Cedar Rapids Kernels : LHP Josh Armstrong
|
Pitching: RHP Steven Legge
|
|
Batting: RHB Aukukero Tairi
|
0-0: SINGLE (Line Drive, 7LM, EV 93.1 MPH)
|
Batting: LHB Kien-lung Zou
|
0-0: Foul Ball, location: 2F 0-1: Ball 1-1: Ball 2-1: Called Strike 2-2: Fielders Choice at 2nd, 5-4 (Groundball, 56, EV 85.6 MPH)
|
Batting: SHB Salvador Padilla
|
0-0: Ball 1-0: Ball 2-0: Ball 3-0: Called Strike 3-1: Base on Balls Kien-lung Zou to second
|
Batting: RHB Guillermo Quintero
|
0-0: Ball 1-0: Ball 2-0: Called Strike 2-1: Grounds into double play, 6-4-3 (Groundball, 6, EV 78.8 MPH)
|
Bottom of the 9th over - 0 runs, 1 hit, 0 errors, 1 left on base; Cedar Rapids 6 - Greenville 3 |
|